 Dungeon Crawl Stone Soup version 0.29.1-2-gbd0b4ee654 (webtiles) character file.

Game seed: 6612265359706727463

14965 mopl the Spear-Bearer (level 11, -2/92 HPs)
             Began as a Palentonga Berserker on Oct 24, 2022.
             Was a High Priest of Trog.
             Slain by a boulder beetle (6 damage)
             ... on level 12 of the Dungeon.
             The game lasted 00:12:55 (8806 turns).

mopl the Spear-Bearer (Palentonga Berserker)        Turns: 8806, Time: 00:12:56

Health: -2/92      AC: 15    Str: 29    XL:     11   Next: 95%
Magic:  11/11      EV: 16    Int:  7    God:    Trog [*****.]
Gold:   762        SH:  0    Dex: 14    Spells: 10/10 levels left

rFire   . . .      SeeInvis +   a - +3 spear
rCold   . . .      Faith    .   (no shield)
rNeg    . . .      Spirit   .   i - +0 troll leather armour
rPois   .          Reflect  .   (no helmet)
rElec   .          Harm     .   q - +0 cloak
rCorr   .          Rampage  .   B - +0 pair of gloves
Will    .....                   (no barding)
Stlth   +.........              (no amulet)
HPRegen 1.05/turn               O - +6 ring of strength
MPRegen 0.12/turn               I - +4 ring of evasion

@: on berserk cooldown, slowed, curled up, very slow
A: large, rugged brown scales 3, see invisible, deformed body, roll 1, armoured
tail, reflexive curl
a: Rolling Charge, Renounce Religion, Berserk, Trog's Hand, Brothers in Arms


You were on level 12 of the Dungeon.
You worshipped Trog.
Trog was extremely pleased with you.
You visited 1 branch of the dungeon, and saw 12 of its levels.
You also visited: Ossuary.

You collected 787 gold pieces.
You spent 25 gold pieces at shops.

Inventory:

Hand Weapons
 a - a +3 spear (weapon)
Missiles
 f - 4 javelins
 g - 15 poisoned darts (quivered)
 n - 14 boomerangs
 J - 6 boomerangs of dispersal
 M - a curare-tipped dart
 U - 4 silver javelins
Armour
 i - a +0 troll leather armour (worn)
 q - a +0 cloak (worn)
 B - a +0 pair of gloves (worn)
 E - a +0 plate armour of willpower
 V - +0 acid dragon scales
Jewellery
 D - a ring of resist corrosion
 I - a +4 ring of evasion (right hand)
 O - a +6 ring of strength (left hand)
Wands
 p - a wand of roots (13)
 t - a wand of digging (6)
 y - a wand of light (16)
 H - a wand of mindburst (41)
 N - a wand of charming (5)
 T - a wand of flame (7)
Scrolls
 b - 2 scrolls of torment {unknown}
 d - 7 scrolls of teleportation
 e - a scroll of acquirement {unknown}
 j - 2 scrolls of immolation
 r - a scroll of fog {unknown}
 w - 4 scrolls of fear
 x - 3 scrolls of blinking {unknown}
 z - a scroll of silence {unknown}
 A - 3 scrolls of enchant weapon {unknown}
 C - a scroll of enchant armour {unknown}
 G - a scroll of magic mapping {unknown}
 K - a scroll of brand weapon {unknown}
 L - 6 scrolls of identify {unknown}
 P - a scroll of poison {unknown}
 R - a scroll of vulnerability {unknown}
Potions
 c - 4 potions of attraction {unknown}
 h - 4 potions of haste {unknown}
 k - 2 potions of resistance {unknown}
 l - 9 potions of curing {unknown}
 m - 3 potions of invisibility {unknown}
 o - 2 potions of berserk rage {unknown}
 s - 2 potions of degeneration {unknown}
 u - 6 potions of flight {unknown}
 v - 2 potions of ambrosia {unknown}
 F - 2 potions of might {unknown}
 Q - a potion of brilliance {unknown}
Miscellaneous
 S - a lightning rod (4/4)


   Skills:
 + Level 8.2 Fighting
 * Level 10.1 Polearms
 + Level 5.5 Throwing
 + Level 6.4 Armour
 + Level 6.4 Dodging
 + Level 6.4 Evocations


You had 10 spell levels left.
You didn't know any spells.
Your spell library was empty.

Dungeon Overview and Level Annotations

Branches:
Dungeon (12/15)            Temple (0/1) D:6            Lair (0/5) D:11
Ossuary (visited)
    Orc: D:9-12

Altars:
Fedhas
Kikubaaqudgha
Makhleb
Ru
Sif Muna
Wu Jian
Yredelemnul

Shops:
D:2 *


Innate Abilities, Weirdness & Mutations

You are completely covered in rugged brown scales. (AC +3, +7% HP)
You have supernaturally acute eyesight. (SInv)
Armour fits poorly on your strangely shaped body.
You can roll at nearby foes to attack.
You have a long armoured tail.
You curl defensively after being hit. (AC +7*)


Message History

You feel yourself slow down.
Found a glowing hat.
You see here a +0 shortbow.
Things that are here:
+0 acid dragon scales; a +0 shortbow; an acid dragon corpse V - +0 acid dragon scales You see here a +1 hat.
Throw: 19 darts (poison)
Press: ? - help, Q - select action, (/) - cycle Shift-Dir - straight line, f - boulder beetle
Aim: a boulder beetle (91% to hit)
You throw a poisoned dart.
The poisoned dart barely misses the boulder beetle.
Unknown command.
Throw: 18 darts (poison)
Press: ? - help, Q - select action, (/) - cycle Shift-Dir - straight line, f/p - boulder beetle
Aim: a boulder beetle (91% to hit)
You throw a poisoned dart.
The poisoned dart hits the boulder beetle.
The boulder beetle is poisoned.
The boulder beetle bites you!
Throw: 17 darts (poison)
Press: ? - help, Q - select action, (/) - cycle Shift-Dir - straight line, f/p - boulder beetle
Aim: a boulder beetle (poisoned, 91% to hit)
You throw a poisoned dart.
The poisoned dart hits the boulder beetle.
The boulder beetle looks even sicker.
The boulder beetle closely misses you.
Throw: 16 darts (poison)
Press: ? - help, Q - select action, (/) - cycle Shift-Dir - straight line, f/p - boulder beetle
Aim: a boulder beetle (lightly wounded, very poisoned, 91% to hit)
You throw a poisoned dart.
The poisoned dart hits the boulder beetle!
The boulder beetle looks as sick as possible!
The boulder beetle is lightly wounded.
The boulder beetle bites you!
* * * LOW HITPOINT WARNING * * *
The boulder beetle bites you!!
* * * LOW HITPOINT WARNING * * *
The boulder beetle bites you.
You die...

.......(...
..........
..........
......... ..#...
......... ......
........#### ......
.......(...# #....$
.......[B..##.....
##.......@.$#..# .
##......##)).##....
#......#)<)....#
........##)######
.........##.#
..###....#... #.
#....##...
.....#..... .###.o


You could see a boulder beetle (very poisoned).

Vanquished Creatures
  2 two-headed ogres
  Pikel (D:8)
  2 unseen horrors
  A troll (D:12)
  3 slime creatures (D:12)
  A vampire (D:11)
  A wraith (D:9)
  3 wyverns
  20 yaks
  A steam dragon (D:8)
  4 vampire mosquitoes
  An acid dragon (D:12)
  7 orc warriors
  A sky beast (D:7)
  3 black bears
  An ice beast (D:8)
  9 centaurs
  3 lemures (D:8)
  2 kobold brigands
  2 phantoms (D:5)
  2 elf zombies (Ossuary)
  A necrophage (D:6)
  8 bullfrogs
  7 scorpions
  11 wights
  12 killer bees (D:9)
  An electric eel (D:8)
  5 howler monkeys
  3 hounds
  A human zombie (Ossuary)
  10 orc priests
  4 jellies
  2 gnoll boudas
  Jessica (D:3)
  3 iguanas
  14 orc wizards
  A hound zombie (Ossuary)
  4 mummies (Ossuary)
  12 adders
  9 gnolls
  A shadow imp (D:6)
  An ufetubus (D:4)
  A worm zombie (D:4)
  5 dart slugs
  34 orcs
  7 ball pythons
  12 endoplasms
  6 giant cockroaches
  2 gnoll zombies
  5 goblins
  4 hobgoblins
  4 jackals (D:5)
  3 quokkas
  6 bats
  2 frilled lizards
  A goblin zombie (Ossuary)
  2 hobgoblin zombies (Ossuary)
  3 jackal zombies (Ossuary)
  22 kobolds
  An orc zombie (Ossuary)
  4 rats
305 creatures vanquished.

Vanquished Creatures (collateral kills)
  An obsidian statue (D:11)
  An ugly thing (D:11)
  A troll (D:11)
  2 yaks (D:11)
5 creatures vanquished.

Vanquished Creatures (others)
  5 fungi (D:3)
  A plant (D:11)
  8 toadstools (D:3)
14 creatures vanquished.

Grand Total: 324 creatures vanquished

Notes
Turn   | Place    | Note
-------+----------+-------------------------------------------
     0 | D:1      | mopl the Palentonga Berserker began the quest for the Orb.
     0 | D:1      | Reached XP level 1. HP: 19/19 MP: 1/1
   101 | D:1      | Reached XP level 2. HP: 25/25 MP: 2/2
   244 | D:1      | Reached skill level 3 in Polearms
   266 | D:1      | Found a faded altar of an unknown god.
   561 | D:2      | Reached XP level 3. HP: 26/31 MP: 3/3
   604 | D:2      | Found Zapiogga's Assorted Antiques.
   621 | D:2      | Bought a scroll labelled JEL ANEZAU for 25 gold pieces
   629 | D:2      | Reached ** piety under Trog
   642 | D:2      | Reached skill level 2 in Armour
   642 | D:2      | Reached skill level 2 in Dodging
   717 | D:2      | Reached XP level 4. HP: 37/37 MP: 4/4
   859 | D:2      | Reached skill level 1 in Throwing
  1211 | D:3      | Noticed Jessica
  1215 | D:3      | Killed Jessica
  1394 | D:3      | Reached XP level 5. HP: 36/37 MP: 5/5
  1405 | D:3      | Reached skill level 4 in Polearms
  1567 | D:3      | Reached XP level 6. HP: 51/51 MP: 6/6
  1967 | D:4      | Reached *** piety under Trog
  1968 | D:4      | Reached skill level 1 in Evocations
  1989 | D:4      | Found a sand-covered staircase.
  2007 | Ossuary  | Entered an ossuary
  2026 | Ossuary  | Reached skill level 4 in Fighting
  2127 | Ossuary  | Gained mutation: You curl defensively after being hit. (AC
                  | +7*) [Palentonga growth]
  2127 | Ossuary  | Reached XP level 7. HP: 57/57 MP: 7/7
  2340 | D:4      | Reached skill level 2 in Throwing
  2403 | D:4      | Found a basalt altar of Yredelemnul.
  2406 | D:4      | Found an ornate altar of the Wu Jian Council.
  2411 | D:4      | Found a burning altar of Makhleb.
  2764 | D:5      | Entered Level 5 of the Dungeon
  2790 | D:5      | Reached skill level 5 in Polearms
  2790 | D:5      | Reached skill level 3 in Armour
  2790 | D:5      | Reached skill level 3 in Dodging
  2790 | D:5      | Reached skill level 2 in Evocations
  2983 | D:5      | Reached XP level 8. HP: 37/65 MP: 8/8
  3044 | D:5      | Reached **** piety under Trog
  3801 | D:6      | Reached skill level 5 in Fighting
  3810 | D:6      | Reached skill level 6 in Polearms
  3818 | D:6      | Reached skill level 3 in Evocations
  3892 | D:6      | Reached skill level 3 in Throwing
  3963 | D:6      | Found a staircase to the Ecumenical Temple.
  4055 | D:6      | HP: 4/100 [orc warrior/+0 long sword (12)]
  4062 | D:6      | Reached skill level 4 in Armour
  4062 | D:6      | Reached XP level 9. HP: 5/72 MP: 9/9
  4180 | D:6      | Reached skill level 4 in Dodging
  4585 | D:6      | Found an ancient bone altar of Kikubaaqudgha.
  4743 | D:7      | Reached skill level 7 in Polearms
  5034 | D:7      | Reached skill level 4 in Evocations
  5043 | D:7      | Reached ***** piety under Trog
  5068 | D:7      | Reached skill level 6 in Fighting
  5184 | D:7      | You fall into a shaft and drop 1 floor!
  5582 | D:8      | Noticed Pikel
  5619 | D:8      | Killed Pikel
  5620 | D:8      | Reached skill level 4 in Throwing
  5757 | D:8      | Noticed a two-headed ogre
  5789 | D:8      | Killed a two-headed ogre
  5790 | D:8      | Reached XP level 10. HP: 65/82 MP: 10/10
  5964 | D:8      | Reached skill level 8 in Polearms
  6003 | D:8      | Reached skill level 5 in Armour
  6033 | D:8      | Reached skill level 5 in Dodging
  6061 | D:8      | Reached skill level 5 in Evocations
  6146 | D:8      | Found a blossoming altar of Fedhas.
  6701 | D:9      | Reached skill level 7 in Fighting
  7213 | D:10     | Entered Level 10 of the Dungeon
  7302 | D:10     | Noticed a two-headed ogre
  7312 | D:10     | Killed a two-headed ogre
  7313 | D:10     | Reached skill level 9 in Polearms
  7313 | D:10     | Reached XP level 11. HP: 89/89 MP: 11/11
  7360 | D:10     | Found a sacrificial altar of Ru.
  7551 | D:10     | Found a shimmering blue altar of Sif Muna.
  7607 | D:10     | Reached skill level 5 in Throwing
  7989 | D:11     | Noticed an obsidian statue
  7997 | D:11     | Noticed a soul eater
  8008 | D:11     | Killed an obsidian statue
  8154 | D:11     | Noticed a purple ugly thing
  8163 | D:11     | Killed a purple ugly thing
  8171 | D:11     | Reached skill level 6 in Armour
  8171 | D:11     | Reached skill level 6 in Dodging
  8174 | D:11     | Reached skill level 6 in Evocations
  8273 | D:11     | Reached skill level 8 in Fighting
  8593 | D:11     | Identified the +4 scale mail of Lilacs {Str+4}
  8625 | D:11     | Found a staircase to the Lair.
  8644 | D:11     | Identified the +1 leather armour "Yhainna" {*Slow Dex+6}
  8751 | D:12     | Reached skill level 10 in Polearms
  8764 | D:12     | Noticed a boulder beetle
  8805 | D:12     | HP: 2/92 [boulder beetle (25)]
  8806 | D:12     | Slain by a boulder beetle

Illustrated notes

Levels and vault maps discovered:
D:1:      saegor_arrival_miasma, layout_rooms,
          dreamdust_ecumenical_altar_statues, serial_glass, glass_columns_b,
          glass_columns_a, glass_columns_a, glass_columns_c, glass_columns_c,
          glass_columns_b, glass_columns_b, glass_columns_a
D:2:      layout_loops_ring, serial_shops, nicolae_shop_overgrown_old_shop,
          minmay_pentomino_pile
D:3:      cheibrodos_fertilizer, layout_basic, eino_curves_03, uniq_jessica
D:4:      layout_basic, grunt_temple_overflow_diamond, enter_ossuary_3,
          serial_glass, glass_columns_a, glass_columns_a, glass_columns_a,
          glass_columns_b
D:5:      layout_loops_ring, serial_co_window_serial, co_window_corner_a,
          co_window_paths_a, co_window_paths_b, co_window_of_opportunity_a,
          co_window_paths_a, co_window_paths_a, co_window_of_opportunity_a,
          co_window_corner_b, co_window_unsneaky_path_e, co_window_corner_ca,
          co_window_broadway_b, glass_columns_a, glass_columns_a, minmay_bent
D:6:      layout_loops_ring, lemuel_coloured_pillars_altar,
          minmay_temple_entry_junction_2
D:7:      layout_cave_pods
D:8:      layout_basic, fedhas_altar_fruit_tree, lightli_minifort, uniq_pikel
D:9:      layout_roguey, kennysheep_small_circle
D:10:     layout_roguey, lemuel_tele_altar, mainiacjoe_overflow_chevrons
D:11:     layout_grid_maze, grunt_lair_entry_orc_guard_hut, minivault_16
D:12:     layout_cave_pools, orc_0_dummy, uniq_erolcha

Skill      XL: |  1  2  3  4  5  6  7  8  9 10 11 |
---------------+----------------------------------+-----
Polearms       | 3 4 5 6 7 9 10 | 10.1
Armour         | 2 3 4 5 6 |  6.4
Dodging        | 2 3 4 5 6 |  6.4
Throwing       | 1 2 3 4 5 |  5.5
Evocations     | 1 2 3 4 5 6 |  6.4
Fighting       | 4 5 6 7 8 |  8.2

Action                   |  1- 3 |  4- 6 |  7- 9 | 10-12 || total
-------------------------+-------+-------+-------+-------++-------
Melee: Spear             |   113 |   215 |   540 |   539 ||  1407
       Tailslap          |     7 |    21 |    70 |    72 ||   170
       Punch             |     2 |     3 |     8 |     5 ||    18
Throw: Dart              |       |       |     5 |     6 ||    11
Invok: Berserk           |     1 |     5 |     9 |    13 ||    28
       Trog's Hand       |       |     1 |       |       ||     1
       Brothers in Arms  |       |       |       |     2 ||     2
  Use: Scroll            |       |       |     4 |       ||     4
 Stab: Sleeping          |     1 |       |     1 |     1 ||     3
       Distracted        |       |       |     1 |     1 ||     2
Armor: Animal skin       |    24 |       |       |       ||    24
       Troll leather arm |    15 |   165 |   138 |   112 ||   430
Dodge: Dodged            |    40 |   181 |   215 |   349 ||   785
